 Dungeon Crawl Stone Soup version 0.26.1-2-gb8aa6d0cf2 (webtiles) character file.

Game seed: 709101662824032105

38 Gadfly the Magician (level 3, 0/20 HPs)
             Began as a Tengu Hedge Wizard on Feb 19, 2021.
             Slain by a hound (5 damage)
             ... on level 2 of the Dungeon.
             The game lasted 00:02:31 (1521 turns).

Gadfly the Magician (Tengu Hedge Wizard)            Turns: 1521, Time: 00:02:32

Health: 0/20       AC:  2    Str: 10    XL:     3   Next: 43%
Magic:  2/8        EV: 13    Int: 15    God:
Gold:   101        SH:  0    Dex: 13    Spells: 0/8 levels left

rFire    . . .     SeeInvis .   e - +0 mace
rCold    . . .     Faith    .   (no shield)
rNeg     . . .     Spirit   .   b - +0 robe
rPois    .         Reflect  .   c - +0 hat
rElec    .         Harm     .   (no cloak)
rCorr    .         Rampage  .   (no gloves)
Will     .....                  (boots unavailable)
Stlth    ++........             (no amulet)
HPRegen  0.06/turn              h - ring of flight
MPRegen  0.11/turn              (no ring)

@: very slightly contaminated
A: beak, talons 3
a: Evoke Flight


You were on level 2 of the Dungeon.
You visited 1 branch of the dungeon, and saw 2 of its levels.

You collected 101 gold pieces.

Inventory:

Hand Weapons
 e - a +0 mace (weapon)
Armour
 b - a +0 robe (worn)
 c - a +0 hat (worn)
Jewellery
 h - a ring of flight (left hand)
Scrolls
 a - a scroll of magic mapping {unknown}
 d - a scroll of remove curse
 j - a scroll of fear
Potions
 f - a potion of heal wounds


   Skills:
 + Level 0.3 Fighting
 * Level 2.4 Dodging
 - Level 2.0 Stealth
 + Level 3.0 Spellcasting
 * Level 2.0 Conjurations
 * Level 1.8 Summonings
 * Level 1.2 Translocations
 * Level 1.2 Air Magic
 * Level 1.0 Evocations


You couldn't memorise any spells.
You knew the following spells:

 Your Spells              Type           Power        Failure   Level
a - Magic Dart            Conj           32%          9%          1
b - Call Imp              Summ           7%           14%         2
c - Blink                 Tloc           N/A          19%         2
d - Mephitic Cloud        Conj/Pois/Air  5%           36%         3

Your spell library contained the following spells:

 Spells                   Type           Power        Failure   Level
 Slow                     Hex            2%           30%         2
 Conjure Flame            Conj/Fire      5%           36%         3


Dungeon Overview and Level Annotations

Branches:
Dungeon (2/15)

Altars:
Nemelex Xobeh


Innate Abilities, Weirdness & Mutations

You have a beak for a mouth.
You have claws for feet.


Message History

You miscast Magic Dart.
Nothing appears to happen.
The hound bites you. The hound closely misses you.
The magic dart hits the hound.
The hound is moderately wounded.
The hound completely misses you.
The magic dart hits the hound.
The hound is heavily wounded.
The hound bites you. x2
* * * LOW HITPOINT WARNING * * *
You are too injured to fight recklessly!
Okay, then.
Casting: Magic Dart (safe; 9% risk of failure)
Confirm with . or Enter, or press ? or * to list all spells.
You don't have enough magic to cast that spell.
Casting: Magic Dart (safe; 9% risk of failure)
Confirm with . or Enter, or press ? or * to list all spells.
You don't have enough magic to cast that spell.
A leopard gecko comes into view.
The hound bites you.
You die...

.# ..# ..# ##
...##.##
#b..#..l#
########$# ....
#......b###..
#.######h#.#
##@.# ##.# #.#
#.#
#.########.####
##......<.....#
#..........####
#.<.....#####
#.#####.#


You could see a hound, a leopard gecko (wandering) and a bat.

Vanquished Creatures
  A dart slug (D:1)
  A ball python (D:1)
  8 bats (D:1)
  A giant cockroach (D:1)
  4 goblins (D:1)
  5 hobgoblins (D:1)
  3 jackals
  A frilled lizard (D:1)
  4 kobolds (D:1)
  3 rats (D:1)
31 creatures vanquished.

Notes
Turn   | Place    | Note
-------+----------+-------------------------------------------
     0 | D:1      | Gadfly the Tengu Hedge Wizard began the quest for the Orb.
     0 | D:1      | Reached XP level 1. HP: 10/10 MP: 5/5
    87 | D:1      | Reached XP level 2. HP: 15/15 MP: 0/7
   215 | D:1      | Reached skill level 1 in Translocations
   810 | D:1      | Reached XP level 3. HP: 19/19 MP: 5/8
   813 | D:1      | Learned a level 2 spell: Call Imp
   816 | D:1      | Learned a level 2 spell: Blink
   820 | D:1      | Learned a level 3 spell: Mephitic Cloud
   862 | D:1      | Reached skill level 1 in Air Magic
   928 | D:1      | Reached skill level 1 in Evocations
  1270 | D:2      | Found a sparkling altar of Nemelex Xobeh.
  1521 | D:2      | Slain by a hound

Illustrated notes

Levels and vault maps discovered:
D:1:      ebering_trefoil_twist, layout_basic
D:2:      layout_loops_ring, nemelex_xobeh_ov_fountains_minmay,
          gammafunk_temple_overflow_pools, uniq_crazy_yiuf_cottage

Skill      XL: |  1  2  3 |
---------------+----------+-----
Translocations | 1 |  1.2
Air Magic      | 1 |  1.2
Evocations     | 1 |  1.0
Conjurations   | 2 |  2.0
Fighting       | |  0.3
Dodging        | |  2.4
Stealth        | |  2.0
Spellcasting   | |  3.0
Summonings     | |  1.8

Action                   || total
-------------------------++-------
Melee: Mace              ||    27
       Peck              ||     5
       Kick              ||     2
 Cast: Magic Dart        ||    56
  Use: Potion            ||     1
       Scroll            ||     5
 Stab: Sleeping          ||     3
Armor: Robe              ||     7
Dodge: Dodged            ||    28
